 Dungeon Crawl Stone Soup version 0.18.1-6-gd335043 (webtiles) character file.

1294 kae the Spear-Bearer (level 8, 0/69 HPs)
             Began as a Naga Fighter on May 16, 2016.
             Slain by Menkaure (12 damage)
             ... on level 5 of the Dungeon.
             The game lasted 00:06:47 (4719 turns).

kae the Spear-Bearer (Naga Fighter)                 Turns: 4719, Time: 00:06:47

Health: 0/69       AC:  8    Str: 19    XL:     8   Next: 56%
Magic:  8/8        EV:  5    Int:  9    God:
Gold:   217        SH:  8    Dex: 12    Spells: 0 memorised, 7 levels left

rFire  . . .     SeeInvis +     a - +1 trident
rCold  . . .     Gourm    .     b - +0 scale mail
rNeg   . . .     Faith    .     c - +0 shield
rPois  +         Spirit   .     m - +1 helmet
rElec  .         Dismiss  .     (no cloak)
rCorr  .         Reflect  .     (no gloves)
SustAt .         Harm     .     (no barding)
MR     +....                    (no amulet)
Stlth  ..........               (no ring)
                                (no ring)

@: very slow, somewhat resistant to hostile enchantments, extremely unstealthy
A: see invisible, deformed body, poison resistance, slowness 2, slow metabolism
1, spit poison 2, AC +2
a: Spit Poison


You were on level 5 of the Dungeon.
You were not hungry.

You visited 1 branch of the dungeon, and saw 5 of its levels.

You collected 217 gold pieces.

Inventory:

Hand Weapons
 a - a +1 trident (weapon)
Armour
 b - a +0 scale mail (worn)
 c - a +0 shield (worn)
 m - a +1 helmet (worn)
Scrolls
 g - a scroll of identify
 i - a scroll of teleportation
 l - a scroll of immolation
Potions
 d - 3 potions of might
 e - 4 potions of flight
Comestibles
 f - 3 bread rations
 k - 9 fruits
 q - 2 meat rations


   Skills:
 - Level 3.0 Fighting
 + Level 10.2 Polearms
 - Level 2.4 Armour
 - Level 2.4 Shields


You had 7 spell levels left.
You didn't know any spells.

Dungeon Overview and Level Annotations

Branches:
Dungeon (5/15)
 Temple: D:4-7

Altars:
Fedhas
Gozag
Pakellas
Xom
Yredelemnul

Annotations:
D:5 Menkaure


Innate Abilities, Weirdness & Mutations

You cannot wear boots.
Your serpentine skin is tough (AC +2).
You have supernaturally acute eyesight.
Armour fits poorly on your strangely shaped body.
Your system is resistant to poisons.
You cover ground very slowly.
You have a slow metabolism.
You can spit poison.


Message History

You hit Menkaure but do no damage.
Menkaure is heavily damaged.
Menkaure hits you.
You barely miss Menkaure.
Menkaure is heavily damaged.
Menkaure blazes with dark energy!
Menkaure points at you and mumbles some strange words.
You resist with significant effort.
You hit Menkaure.
Menkaure is heavily damaged.
Menkaure hits you!!
* * * LOW HITPOINT WARNING * * *
All of the chunks of flesh in your inventory have rotted away.
You are too injured to fight recklessly!
You are too injured to fight recklessly!
You are too injured to fight recklessly!
You hit Menkaure.
Menkaure is severely damaged.
Menkaure hits you!
You die...

...........................
######.###################
....................#......
.#.........########.#.#####
#####.....# #.#<.....
........# #####.#.###..
####.##.# #.....#...#..
#.##.####.#######.#..
#.##@.........# #.#..
#.#.M..##.###.# #.#..
#.#....##.# #.# #.#..
#.........# #.# #.###
###....#### #.# #.# #
###### #.# #.# # #.# #.# #
#.###.### #######.##.....


You could see Menkaure.

Vanquished Creatures
  The ghost of Yehuk the Protected, a novice GrFi (D:5)
  2 phantoms
  An ogre (D:4)
  A centaur (D:5)
  A scorpion (D:4)
  A centaur zombie (D:5)
  2 hounds (D:4)
  An orc priest (D:4)
  3 orc wizards
  2 iguanas
  4 worker ants (D:4)
  2 howler monkey zombies (D:5)
  Robin (D:3)
  3 adders
  2 oozes (D:5)
  2 adder skeletons (D:4)
  2 worms (D:3)
  2 dart slugs
  5 giant geckos
  20 orcs
  2 ball pythons (D:3)
  4 giant cockroaches
  14 goblins
  8 hobgoblins
  4 jackals (D:4)
  3 bats (D:3)
  4 giant newts
  2 jackal skeletons
  6 kobolds
  3 rats
108 creatures vanquished.

Notes
Turn   | Place    | Note
--------------------------------------------------------------
     0 | D:1      | kae the Naga Fighter began the quest for the Orb.
     0 | D:1      | Reached XP level 1. HP: 21/21 MP: 1/1
   357 | D:1      | Reached XP level 2. HP: 27/28 MP: 2/2
   653 | D:1      | Reached skill level 3 in Polearms
   834 | D:2      | Found a basalt altar of Yredelemnul.
   888 | D:2      | Reached XP level 3. HP: 26/34 MP: 3/3
  1066 | D:2      | Found an opulent altar of Gozag.
  1198 | D:3      | Noticed Robin
  1224 | D:3      | Reached skill level 4 in Polearms
  1225 | D:3      | Killed Robin
  1225 | D:3      | Reached XP level 4. HP: 7/42 MP: 4/4
  2010 | D:3      | Found a blossoming altar of Fedhas.
  2147 | D:4      | Reached skill level 5 in Polearms
  2147 | D:4      | Reached XP level 5. HP: 13/49 MP: 5/5
  2413 | D:4      | Noticed an ogre
  2423 | D:4      | Killed an ogre
  2731 | D:4      | Reached skill level 6 in Polearms
  2731 | D:4      | Reached XP level 6. HP: 56/56 MP: 6/6
  2797 | D:4      | Reached skill level 7 in Polearms
  2824 | D:4      | Reached XP level 7. HP: 31/62 MP: 7/7
  3398 | D:4      | Reached skill level 8 in Polearms
  3592 | D:5      | Entered Level 5 of the Dungeon
  3611 | D:5      | Noticed Yehuk's ghost (novice GrFi)
  3626 | D:5      | Killed Yehuk's ghost
  3626 | D:5      | Reached skill level 9 in Polearms
  3626 | D:5      | Reached XP level 8. HP: 38/69 MP: 8/8
  4129 | D:5      | HP: 3/69 [centaur/arrow (6)]
  4132 | D:5      | Reached skill level 10 in Polearms
  4134 | D:5      | HP: 2/69 [ogre/giant spiked club (17)]
  4491 | D:5      | Found an oddly glowing altar of Pakellas.
  4661 | D:5      | Found a shimmering altar of Xom.
  4661 | D:5      | Found a shimmering altar of Xom.
  4662 | D:5      | Found a shimmering altar of Xom.
  4662 | D:5      | Found a shimmering altar of Xom.
  4662 | D:5      | Found a shimmering altar of Xom.
  4668 | D:5      | Found a shimmering altar of Xom.
  4669 | D:5      | Found a shimmering altar of Xom.
  4711 | D:5      | Noticed Menkaure
  4719 | D:5      | Slain by Menkaure

Skill      XL: |  1  2  3  4  5  6  7  8 |
---------------+-------------------------+-----
Polearms       | 3 4 5 6 7 9 10 | 10.2
Fighting       | |  3.0
Armour         | |  2.4
Shields        | |  2.4

Action                   |  1- 3 |  4- 6 |  7- 9 || total
-------------------------+-------+-------+-------++-------
Melee: Trident           |   118 |   152 |   210 ||   480
 Abil: Spit Poison       |       |     5 |     4 ||     9
  Use: Scroll            |     4 |     7 |     3 ||    14
       Potion            |     1 |     4 |     5 ||    10
  Eat: Chunk             |       |     6 |     5 ||    11
Armor: Scale mail        |    31 |    59 |    72 ||   162
Dodge: Dodged            |    18 |    32 |    28 ||    78
Block: Shield            |    42 |    69 |    83 ||   194
